 Dungeon Crawl Stone Soup version 0.29-a0-998-g1987434951 (webtiles) character file.

Game seed: 10302276216294959108

37 xian the Vexing (level 3, -1/19 HPs)
             Began as a Vine Stalker Arcane Marksman on Aug 5, 2022.
             Succumbed to a goblin's poison
             ... on level 2 of the Dungeon.
             The game lasted 00:03:59 (1635 turns).

xian the Vexing (Vine Stalker Arcane Marksman)      Turns: 1635, Time: 00:03:59

Health: -1/19      AC:  4    Str: 12    XL:     3   Next: 41%
Magic:  1/5        EV: 12    Int: 13    God:
Gold:   58         SH:  0    Dex: 16    Spells: 3/4 levels left

rFire   . . .      SeeInvis .   a - +1 sling
rCold   . . .      Faith    .   (no shield)
rNeg    . . .      Spirit   +   c - +0 robe
rPois   .          Reflect  .   (helmet restricted)
rElec   .          Harm     .   (no cloak)
rCorr   .          Rampage  .   (no gloves)
Will    .....                   (no boots)
Stlth   ++........              (no amulet)
HPRegen 0.06/turn               (no ring)
MPRegen 0.09/turn               (no ring)

@: lethally poisoned (-1 -> -10), hasted, very quick
A: fangs 2, magic shield, antimagic bite, no potion heal 2, horns 1, iridescent
scales 1, robust 1, inability to drink while threatened 1
a: no special abilities


You were on level 2 of the Dungeon.
You visited 1 branch of the dungeon, and saw 2 of its levels.

You collected 58 gold pieces.

Inventory:

Hand Weapons
 a - a +1 sling (weapon)
 g - a +0 vampiric whip
Armour
 c - a +0 robe (worn)
Scrolls
 b - a scroll of vulnerability
 e - a scroll of silence {unknown}
 h - a scroll of fear {unknown}
 k - a scroll of enchant armour {unknown}
 l - 2 scrolls of identify {unknown}
 n - 3 scrolls of blinking {unknown}
Potions
 i - a potion of lignification {unknown}
 j - a potion of might {unknown}
 m - a potion of degeneration {unknown}


   Skills:
 + Level 1.6 Fighting
 + Level 2.4 Ranged Weapons
 + Level 1.7 Dodging
 + Level 0.2 Stealth
 + Level 1.1 Spellcasting
 + Level 3.3 Hexes


You had 3 spell levels left.
You knew the following spells:

 Your Spells              Type           Power      Damage    Failure   Level
a - Slow                  Hex            36%        N/A       7%          1

Your spell library contained the following spells:

 Spells                   Type           Power      Damage    Failure   Level
 Freeze                   Ice            0%         1d3       28%         1
 Inner Flame              Hex/Fire       5%         N/A       38%         3
 Portal Projectile        Hex/Tloc       10%        N/A       38%         3
 Frozen Ramparts          Ice            0%         1d8       63%         3
 Cause Fear               Hex            4%         N/A       56%         4
 Hailstorm                Conj/Ice       0%         3d3       95%         4


Dungeon Overview and Level Annotations

Branches:
Dungeon (2/15)

Altars:

Shops:
D:2 :


Innate Abilities, Weirdness & Mutations

You have extremely sharp teeth.
When hurt, damage is shared between your health and your magic reserves.
Your bite disrupts and absorbs the magic of your enemies.
Potions cannot restore your health.
You have a pair of small horns on your head.
You are partially covered in iridescent scales. (AC +2)
You are robust. (+10% HP)
You occasionally lose the ability to drink potions when taking damage.


Message History

There is a stone staircase leading up here.
Found a stone staircase leading up.
A goblin comes into view. It is wielding a +0 dagger of venom.
Found a scroll labelled PERUBR RIESISS.
A goblin is nearby!
You shoot a sling bullet.
The sling bullet closely misses the goblin.
You shoot a sling bullet.
The sling bullet closely misses the goblin.
You shoot a sling bullet.
The sling bullet closely misses the goblin.
You shoot a sling bullet.
The sling bullet closely misses the goblin.
The goblin barely misses you.
You shoot a sling bullet.
The sling bullet barely misses the goblin.
The goblin hits you with a +0 dagger of venom. x2
You are poisoned.
You shoot a sling bullet. The sling bullet misses the goblin.
You feel very sick. The goblin hits you but does no damage.
You are lethally poisoned!
Casting: Slow (safe; 7% risk of failure)
Confirm with . or Enter, or press ? or * to list all spells.
Aiming: Slow (safe; 7% risk of failure)
Press: ? - help, Shift-Dir - straight line, f/p - goblin
Aim: a goblin, wielding a +0 dagger of venom (chance to affect: 64%)
The goblin seems to slow down.
You feel very sick.
The goblin hits you with a +0 dagger of venom.
* * * LOW HITPOINT WARNING * * *
You feel very sick.
It was a potion of mutation.
You feel extremely strange.
You occasionally lose the ability to drink potions when threatened.
A pair of horns grows on your head!
You feel robust.
Iridescent scales grow over part of your body.
* * * LOW HITPOINT WARNING * * *
You feel sick.
It was a potion of haste.
You feel yourself speed up.
You die...

#. ##########.
#######..........
#.............(..
#.####..########. .# #..#
####. ?########.#
#..#####.... ........#.##
#........<..
#g@..####.#####.#..
#....[.....###....#
#.#######...####..........
#..............#..........
#..####.............####.#
#.#.##.#.####.# #.#
#.#.##.#.####.# #.#
..#.........#.# #.#
#######........# #.#


You could see a goblin (slow).

Vanquished Creatures
  A worm (D:2)
  4 bats
  5 endoplasms
  A giant cockroach (D:1)
  2 goblins (D:1)
  4 hobgoblins
  3 quokkas (D:1)
  4 ball pythons
  6 kobolds
  A rat (D:1)
31 creatures vanquished.

Notes
Turn   | Place    | Note
-------+----------+-------------------------------------------
     0 | D:1      | xian the Vine Stalker Arcane Marksman began the quest for
                  | the Orb.
     0 | D:1      | Reached XP level 1. HP: 9/9 MP: 3/3
   141 | D:1      | Reached XP level 2. HP: 14/14 MP: 4/4
   159 | D:1      | Reached skill level 1 in Fighting
   687 | D:1      | Found a faded altar of an unknown god.
   689 | D:1      | Noticed an eye of devastation
   689 | D:1      | Noticed a shining eye
   695 | D:1      | Noticed a golden eye
   698 | D:1      | Noticed a great orb of eyes
  1023 | D:1      | Reached XP level 3. HP: 18/18 MP: 5/5
  1222 | D:2      | Found Tiatt's Book Emporium.
  1634 | D:2      | Gained mutation: You occasionally lose the ability to drink
                  | potions when taking damage. [potion of mutation]
  1634 | D:2      | Gained mutation: You have a pair of small horns on your
                  | head. [potion of mutation]
  1634 | D:2      | Gained mutation: You are robust. (+10% HP) [potion of
                  | mutation]
  1634 | D:2      | Gained mutation: You are partially covered in iridescent
                  | scales. (AC +2) [potion of mutation]
  1635 | D:2      | Succumbed to a goblin's poison

Illustrated notes

Levels and vault maps discovered:
D:1:      co_arrival_two_rings, layout_basic,
          hellmonk_ecumenical_altar_watching_god
D:2:      layout_loops_ring, serial_shops, nicolae_shop_stone

Skill      XL: |  1  2 |
---------------+-------+-----
Ranged Weapons | 2 |  2.4
Fighting       | 1 |  1.6
Dodging        | |  1.7
Stealth        | |  0.2
Spellcasting   | |  1.1
Hexes          | |  3.3

Action                   || total
-------------------------++-------
Melee: Whip              ||     2
 Fire: Sling             ||   103
 Cast: Slow              ||     8
  Use: Potion            ||     2
Armor: Robe              ||    12
Dodge: Dodged            ||    36

Table legend: (Time is in decaauts)
 A = Elapsed time spent in this place.
 B = Non-inter-level travel time spent in this place.
 C = Inter-level travel time spent in this place.
 D = Time resting spent in this place.
 E = Time spent auto-exploring this place.
 F = Levels seen in this place.
 G = Mean time per level.
                   A        B        C        D        E       F      G
               +--------+--------+--------+--------+--------+-----+--------+
         Total |   1664 |   1641 |     23 |      0 |   1364 |   2 |  832.0 |
       Dungeon |   1664 |   1641 |     23 |      0 |   1364 |   2 |  832.0 |
               +--------+--------+--------+--------+--------+-----+--------+

Top non-repeatable levels by time:
     D:1: 1192 daAuts
     D:2: 472 daAuts
